 Dungeon Crawl Stone Soup version 0.30-a0-135-g630cfc4551 (webtiles) character file.

Game seed: 12337002865111117813

36 IdlyInterested the Cutter (level 3, 0/27 HPs)
             Began as a Demonspawn Gladiator on Sept 20, 2022.
             Slain by a frilled lizard (3 damage)
             ... on level 1 of the Dungeon.
             The game lasted 00:02:49 (1243 turns).

IdlyInterested the Cutter (Demonspawn Gladiator)    Turns: 1243, Time: 00:02:49

Health: 0/27       AC:  6    Str: 14    XL:     3   Next: 19%
Magic:  3/3        EV: 11    Int: 11    God:
Gold:   51         SH:  4    Dex: 14    Spells: 2/2 levels left

rFire   + . .      SeeInvis .    a - +0 rapier
rCold   . . .      Faith    .    (no shield)
rNeg    . . .      Spirit   .    i - +0 ring mail
rPois   .          Reflect  .    c - +0 helmet
rElec   .          Harm     .    (no cloak)
rCorr   .          Rampage  .    (no gloves)
Will    .....                    (no boots)
Stlth   +.........               k - amulet of the acrobat
HPRegen 0.09/turn                g - ring of protection from fire
MPRegen 0.08/turn                (no ring)

@: flying
A: condensation shield, weakness stinger 1
a: no special abilities


You were on level 1 of the Dungeon.
You visited 1 branch of the dungeon, and saw 1 of its levels.

You collected 51 gold pieces.

Inventory:

Hand Weapons
 a - a +0 rapier (weapon)
Missiles
 e - a javelin (quivered)
Armour
 b - a +0 leather armour
 c - a +0 helmet (worn)
 i - a +0 ring mail (worn)
Jewellery
 g - a ring of protection from fire (left hand)
 k - an amulet of the acrobat (around neck)
Scrolls
 h - a scroll of identify {unknown}
 j - a scroll of teleportation {unknown}
 l - a scroll of fear {unknown}


   Skills:
 - Level 2.0 Fighting
 + Level 3.0 Short Blades
 - Level 1.7 Throwing
 - Level 1.0 Armour
 - Level 2.6 Dodging
 * Level 2.0 Stealth
 + Level 0.2 Evocations


You had 2 spell levels left.
You didn't know any spells.
Your spell library was empty.

Dungeon Overview and Level Annotations

Branches:
Dungeon (1/15)

Altars:


Innate Abilities, Weirdness & Mutations

A meltable shield of frost defends you. (SH +4)
You have a small tail.


Message History

The gnoll completely misses you.
Throw: 3 throwing nets
Press: ? - help, Shift-Dir - straight line, f - gnoll
Aim: a gnoll, wielding a +0 spear, wearing a +0 ring mail and quivering javelins (severely wounded, 67% to hit)
You throw a throwing net.
The throwing net barely misses the gnoll.
You barely miss the gnoll.
The gnoll is severely wounded.
The gnoll hits you with a +0 spear.
* * * LOW HITPOINT WARNING * * *
The frilled lizard barely misses you.
Throw: 2 throwing nets
Press: ? - help, Shift-Dir - straight line, f/p - gnoll
Aim: a gnoll, wielding a +0 spear, wearing a +0 ring mail and quivering javelins (severely wounded, 67% to hit)
You throw a throwing net.
The throwing net completely misses the gnoll.
You block the gnoll's attack. The frilled lizard misses you.
Throw: throwing net
Press: ? - help, Shift-Dir - straight line, f/p - gnoll
Aim: a gnoll, wielding a +0 spear, wearing a +0 ring mail and quivering javelins (severely wounded, 67% to hit)
You throw a throwing net. The throwing net hits the gnoll.
The gnoll is caught in the net!
The gnoll is severely wounded.
The gnoll struggles against the net.
The frilled lizard barely misses you.
You hit the gnoll.
The gnoll is severely wounded.
The gnoll struggles against the net.
You block the frilled lizard's attack.
You hit the gnoll but do no damage.
The gnoll is severely wounded.
The gnoll struggles against the net.
The frilled lizard closely misses you.
You hit the gnoll but do no damage.
The gnoll is severely wounded.
The gnoll struggles against the net.
The frilled lizard barely misses you.
The gnoll struggles against the net.
The net rips apart, and the gnoll comes free!
You block the frilled lizard's attack.
You hit the gnoll but do no damage.
The gnoll is severely wounded.
You block the gnoll's attack. The frilled lizard bites you.
You die...

### #.# #.#
#.########
#.gg......
#@#.......
##########l#.####r.
#..........#.# ####
#..........#..
...####..........###
...........).....#
.................#
.................#
...................


You could see a gnoll, a goblin and a frilled lizard.

Vanquished Creatures
  A gnoll (D:1)
  A dart slug (D:1)
  A bat (D:1)
  2 endoplasms (D:1)
  A giant cockroach (D:1)
  3 goblins (D:1)
  6 hobgoblins (D:1)
  3 ball pythons (D:1)
  3 frilled lizards (D:1)
  A rat (D:1)
22 creatures vanquished.

Notes
Turn   | Place    | Note
-------+----------+-------------------------------------------
     0 | D:1      | IdlyInterested the Demonspawn Gladiator began the quest for
                  | the Orb.
     0 | D:1      | Reached XP level 1. HP: 16/16 MP: 1/1
    44 | D:1      | Reached skill level 1 in Stealth
    44 | D:1      | Gained mutation: A meltable shield of frost defends you.
                  | (SH +4) [demonic ancestry]
    44 | D:1      | Reached XP level 2. HP: 11/22 MP: 2/2
   634 | D:1      | Reached skill level 3 in Short Blades
   740 | D:1      | Reached skill level 1 in Armour
   789 | D:1      | Gained mutation: You have a small tail. [demonic ancestry]
   789 | D:1      | Reached XP level 3. HP: 27/27 MP: 3/3
  1243 | D:1      | Slain by a frilled lizard

Illustrated notes

Levels and vault maps discovered:
D:1:      eino_arrival_cavern_a, layout_basic

Skill      XL: |  1  2  3 |
---------------+----------+-----
Stealth        | 1 2 |  2.0
Short Blades   | 3 |  3.0
Armour         | 1 |  1.0
Fighting       | |  2.0
Throwing       | |  1.7
Dodging        | |  2.6
Evocations     | |  0.2

Action                   || total
-------------------------++-------
Melee: Rapier            ||    81
       Tailslap          ||     2
Throw: Throwing net      ||     3
  Use: Potion            ||     1
 Stab: Sleeping          ||     1
Armor: Leather armour    ||     5
       Ring mail         ||     7
Dodge: Dodged            ||    40
Block: Other             ||    20

Table legend: (Time is in decaauts)
 A = Elapsed time spent in this place.
 B = Non-inter-level travel time spent in this place.
 C = Inter-level travel time spent in this place.
 D = Time resting spent in this place.
 E = Time spent auto-exploring this place.
 F = Levels seen in this place.
 G = Mean time per level.
                   A        B        C        D        E       F      G
               +--------+--------+--------+--------+--------+-----+--------+
         Total |   1246 |   1246 |      0 |    237 |    776 |   1 | 1246.0 |
       Dungeon |   1246 |   1246 |      0 |    237 |    776 |   1 | 1246.0 |
               +--------+--------+--------+--------+--------+-----+--------+

Top non-repeatable levels by time:
     D:1: 1246 daAuts
